 Dungeon Crawl Stone Soup version 0.19-a0-1091-g463c9de (webtiles) character file.

4006 4thArraOfDagon the Carver (level 10, -1/77 HPs)
             Began as a Minotaur Berserker on Aug 7, 2016.
             Was a Priest of Trog.
             Slain by an ogre
             ... wielding a +0 giant spiked club
              (24 damage)
             ... on level 12 of the Dungeon.
             The game lasted 00:10:34 (1906 turns).

4thArraOfDagon the Carver (Minotaur Berserker)      Turns: 1906, Time: 00:10:35

Health: -1/77      AC: 15    Str: 24    XL:     10   Next: 3%
Magic:  9/9        EV:  5    Int:  4    God:    Trog [***...]
Gold:   199        SH:  0    Dex: 10    Spells: 0 memorised, 9 levels left

rFire  + . .     SeeInvis .     o - +0 great sword
rCold  . . .     Gourm    .     t - +0 crystal plate armour
rNeg   + . .     Faith    .     (shield currently unavailable)
rPois  .         Spirit   .     (helmet restricted)
rElec  .         Dismiss  .     g - +0 cloak
rCorr  .         Reflect  .     m - +0 pair of gloves
SustAt .         Harm     .     (no boots)
MR     +++..                    (no amulet)
Stlth  ..........               j - ring of Eternity {rF+ Str+3}
                                h - ring of positive energy

@: exhausted, regenerating
A: retaliatory headbutt, horns 2, deformed body, dopey 1, magic resistance 1,
weak 1
a: Berserk, Trog's Hand, Burn Spellbooks, Renounce Religion


You were on level 12 of the Dungeon.
You worshipped Trog.
Trog was most pleased with you.
You were hungry.

You visited 1 branch of the dungeon, and saw 12 of its levels.

You collected 199 gold pieces.

Inventory:

Hand Weapons
 a - a +0 falchion
 o - a +0 great sword (weapon)
 s - the +0 war axe "Yduluwe" {chop, Int+2}
   (You found it on level 7 of the Dungeon)

   It inflicts extra damage upon your enemies.
   It affects your intelligence (+2).
Armour
 b - a +0 animal skin
 f - a +2 plate armour of cold resistance
 g - a +0 cloak (worn)
 m - a +0 pair of gloves (worn)
 t - a +0 crystal plate armour (worn)
 w - a troll hide
Jewellery
 h - a ring of positive energy (left hand)
 j - the ring of Eternity (right hand) {rF+ Str+3}
   (You found it on level 5 of the Dungeon)

   [ring of strength]

   It affects your strength (+3).
   It protects you from fire.
Wands
 n - a wand of acid (3/15)
 r - a wand of disintegration (6/24)
Scrolls
 d - 5 scrolls of remove curse
 e - 3 scrolls of immolation
 p - a scroll of torment
 q - a scroll of enchant armour
Potions
 i - a potion of degeneration {unknown}
 k - 3 potions of magic {unknown}
 l - a potion of curing {unknown}
 u - a potion of brilliance
 v - a potion of heal wounds {unknown}
 z - a potion of berserk rage {unknown}
Comestibles
 c - 2 bread rations
 x - 8 chunks of flesh


   Skills:
 - Level 3.6 Fighting
 * Level 14.7 Long Blades
 + Level 8.8 Armour
 - Level 2.1 Dodging


You had 9 spell levels left.
You didn't know any spells.

Dungeon Overview and Level Annotations

Branches:
Dungeon (12/15)            Temple (0/1) D:5
   Lair: D:8-11         Orc: D:9-12

Altars:
Gozag
Pakellas
Uskayaw
Zin

Shops:
D:4 *

Annotations:
D:10 4thArraOfDagon's ghost, novice SpEn


Innate Abilities, Weirdness & Mutations

You reflexively headbutt those who attack you in melee.
You have a pair of horns on your head.
Armour fits poorly on your strangely shaped body.
You are dopey. (Int -2)
You are resistant to hostile enchantments. (MR+)
You are weak. (Str -2)


Message History

You headbutt the ogre, but do no damage.
Your crystal plate armour prevents you from hitting the ogre.
Your headbutt misses the ogre. The ogre hits you but does no damage.
Your skin crawls.
You feel resistant to hostile enchantments.
You are feeling hungry.
The ogre hits you with a giant spiked club!
* * * LOW HITPOINT WARNING * * *
Unknown command.
You hit the ogre.
The ogre is moderately wounded.
Unknown command.
You slash the ogre!
The ogre is heavily wounded.
The ogre hits you but does no damage.
Unknown command.
You barely miss the ogre. You headbutt the ogre!
The ogre is almost dead.
The ogre hits you with a giant spiked club!!
You die...

#....# #
#....####...#
#............
#....####...#
#....# # ##
###'## .. #.#
#.#####.#
#..@O...#
#########


You could see an ogre.

Vanquished Creatures
  A hill giant (D:10)
  An ugly thing (D:12)
  A centaur zombie (D:12)
  A centaur skeleton (D:12)
  A troll (D:12)
  A shadow (D:9)
  A yak (D:10)
  A water moccasin (D:6)
  A sky beast (D:10)
  A black bear (D:12)
  2 ice beasts
  A centaur (D:9)
  3 ogres
  3 giant frogs
  2 scorpions
  4 killer bees (D:9)
  4 wights (D:8)
  2 howler monkeys (D:8)
  A giant frog zombie (D:8)
  2 crimson imps
  4 hounds
  2 jellies
  4 orc wizards
  6 worker ants
  Robin (D:2)
  3 adders
  A shadow imp (D:8)
  An ooze (D:6)
  A dart slug (D:5)
  A giant gecko (D:7)
  12 orcs
  A giant cockroach (D:5)
  11 goblins (D:2)
  2 hobgoblins
  4 quokkas
  2 giant newts
  A kobold (D:2)
  2 rats (D:2)
93 creatures vanquished.

Notes
Turn   | Place    | Note
-------+----------+-------------------------------------------
     0 | D:1      | 4thArraOfDagon the Minotaur Berserker began the quest for the Orb.
     0 | D:1      | Reached XP level 1. HP: 19/19 MP: 0/0
    39 | D:2      | Noticed Robin
    44 | D:2      | Reached skill level 4 in Long Blades
    47 | D:2      | Reached XP level 2. HP: 19/26 MP: 1/1
    52 | D:2      | Killed Robin
    54 | D:2      | Reached XP level 3. HP: 3/31 MP: 2/2
    88 | D:2      | Reached ** piety under Trog
   120 | D:4      | Found Gozag's Platinum Reserve.
   121 | D:4      | Found an opulent altar of Gozag.
   187 | D:4      | can be ok
   245 | D:4      | Found an oddly glowing altar of Pakellas.
   281 | D:5      | Entered Level 5 of the Dungeon
   320 | D:5      | Reached skill level 5 in Long Blades
   342 | D:5      | Got a steaming wooden ring
   343 | D:5      | Identified the ring of Eternity {rF+ Str+3} (You found it on level 5 of the Dungeon)
   363 | D:5      | Found a staircase to the Ecumenical Temple.
   368 | D:5      | Noticed an ice beast
   372 | D:5      | Killed an ice beast
   372 | D:5      | Reached skill level 6 in Long Blades
   372 | D:5      | Reached XP level 4. HP: 39/39 MP: 3/3
   372 | D:5      | Reached XP level 5. HP: 45/45 MP: 4/4
   417 | D:5      | Reached skill level 7 in Long Blades
   569 | D:5      | Reached XP level 6. HP: 42/51 MP: 5/5
   618 | D:6      | Reached skill level 8 in Long Blades
   649 | D:6      | Noticed a water moccasin
   661 | D:6      | Killed a water moccasin
   661 | D:6      | Reached skill level 9 in Long Blades
   661 | D:6      | Reached XP level 7. HP: 57/57 MP: 6/6
   707 | D:6      | Found a glowing silver altar of Zin.
   890 | D:7      | Reached skill level 10 in Long Blades
  1086 | D:8      | Reached XP level 8. HP: 57/64 MP: 7/7
  1096 | D:8      | Reached skill level 5 in Armour
  1103 | D:8      | Reached skill level 11 in Long Blades
  1128 | D:8      | Found a hide-covered altar of Uskayaw.
  1209 | D:7      | Got a translucent war axe
  1213 | D:7      | ofc
  1213 | D:7      | Identified the cursed +0 war axe "Yduluwe" {chop, Int+2} (You found it on level 7 of the Dungeon)
  1217 | D:7      | at least its crap
  1267 | D:9      | Reached skill level 12 in Long Blades
  1268 | D:9      | Reached *** piety under Trog
  1491 | D:10     | Entered Level 10 of the Dungeon
  1508 | D:10     | Reached XP level 9. HP: 46/70 MP: 8/8
  1580 | D:10     | Noticed a hill giant
  1603 | D:10     | Killed a hill giant
  1603 | D:10     | Reached skill level 13 in Long Blades
  1633 | D:10     | Gained mutation: You are dopey. (Int -2) [mutagenic meat]
  1636 | D:10     | Gained mutation: Armour fits poorly on your strangely shaped body. [mutagenic meat]
  1639 | D:10     | Gained mutation: You are weak. (Str -2) [mutagenic meat]
  1642 | D:10     | Gained mutation: You are resistant to hostile enchantments. (MR+) [mutagenic meat]
  1661 | D:10     | Noticed 4thArraOfDagon's ghost (novice SpEn)
  1769 | D:12     | Noticed a troll
  1779 | D:12     | Killed a troll
  1780 | D:12     | Reached skill level 14 in Long Blades
  1855 | D:12     | Noticed a purple ugly thing
  1869 | D:12     | Killed a purple ugly thing
  1869 | D:12     | Reached XP level 10. HP: 24/77 MP: 9/9
  1906 | D:12     | Slain by an ogre

Vault maps used:
D:1:      dpeg_arrival_round_c, tso_altar
D:2:      first_bread, uniq_terence, uniq_natasha, uniq_robin
D:3:      corexii_shack_village, makhleb_altar_promises_db,
          lemuel_coloured_pillars_altar, serial_forest,
          infiniplex_forest_clump_small, infiniplex_forest_lined_3,
          infiniplex_forest_3_way, infiniplex_forest_straight_1,
          infiniplex_forest_clump_medium, infiniplex_forest_straight_2,
          ecumenical_altar_1, lemuel_flame_loot_1, uniq_iyjb
D:4:      nicolae_gozag_zags_fifth_avenue, portal_sewer_entry_a,
          grunt_pakellas_mercury
D:5:      trog_eyes_of_draining, basic_altar
D:6:      zin_treasury, cheibriados_altar_wand_db
D:7:      lemuel_insect_pit
D:8:      eat_drink_and_be_merry_uskayaw
D:9:      minmay_orc_entry_guard_dogs, small_chamber_with_monster
D:11:     lair_0_dummy, grunt_livestock, hangedman_decor_points
D:12:     lab_entry_generic, hangedman_tree_tricks, uniq_nergalle

Skill      XL: |  1  2  3  4  5  6  7  8  9 |
---------------+----------------------------+-----
Long Blades    | 4 6 7 9 10 12 14 | 14.7
Armour         | 3 4 6 8 |  8.8
Fighting       | |  3.6
Dodging        | |  2.1

Action                   |  1- 3 |  4- 6 |  7- 9 | 10-12 || total
-------------------------+-------+-------+-------+-------++-------
Melee: Falchion          |    37 |    58 |    74 |       ||   169
       Headbutt          |     5 |    16 |    40 |     3 ||    64
       Great sword       |       |       |   161 |    12 ||   173
Invok: Berserk           |     2 |     2 |     5 |       ||     9
       Trog's Hand       |     1 |     3 |     2 |     2 ||     8
Evoke: Wand              |       |       |     2 |       ||     2
  Use: Potion            |     1 |     1 |       |       ||     2
       Scroll            |       |     6 |     4 |       ||    10
  Eat: Chunk             |       |     3 |     6 |     1 ||    10
       Bread ration      |       |     1 |       |       ||     1
       Beef jerky        |       |       |     2 |       ||     2
       Fruit             |       |       |     3 |       ||     3
Armor: Animal skin       |     4 |       |       |       ||     4
       Plate armour      |    16 |    45 |   100 |       ||   161
       Crystal plate arm |       |       |    22 |    18 ||    40
Dodge: Dodged            |    21 |    22 |    71 |     4 ||   118
